 Dungeon Crawl Stone Soup version 0.25-a0-657-ge95d391c20 (webtiles) character file.

Game seed: 15722499880464830963, levelgen mode: deterministic

20583 sanka the Fighter (level 12, -5/106 HPs)
             Began as a Barachi Ice Elementalist on Mar 20, 2020.
             Was an Elder of Vehumet.
             Slain by a seven-headed hydra (8 damage)
             ... on level 2 of the Lair of Beasts on Mar 22, 2020.
             The game lasted 00:37:05 (13919 turns).

sanka the Fighter (Barachi Ice Elementalist)       Turns: 13919, Time: 00:37:06

Health: -5/106     AC: 13    Str:  9    XL:     12   Next: 81%
Magic:  15/21      EV: 19    Int: 24    God:    Vehumet [****..]
Gold:   884        SH:  0    Dex: 13    Spells: 4/23 levels left

rFire    . . .     SeeInvis +   b - +9 flail of the Shrike {drain, rC++ Stlth+}
rCold    + + +     Gourm    .   (no shield)
rNeg     . . .     Faith    .   C - +2 leather armour {rC+}
rPois    .         Spirit   .   K - +2 helmet {Int+3}
rElec    .         Reflect  .   m - +0 cloak
rCorr    .         Harm     .   (no gloves)
MR       .....                  G - +0 pair of boots
Stlth    +++.......             (no amulet)
HPRegen  0.27/turn              i - ring of see invisible
MPRegen  0.17/turn              q - +3 ring of protection

@: frozen ramparts, slow
A: +LOS, swims, slowness 1, strong legs 1
a: Hop, Renounce Religion


You were on level 2 of the Lair of Beasts.
You worshipped Vehumet.
Vehumet was greatly pleased with you.
You were not hungry.

You visited 3 branches of the dungeon, and saw 15 of its levels.

You collected 1082 gold pieces.
You spent 198 gold pieces at shops.


Innate Abilities, Weirdness & Mutations

You can be seen from farther away. (+LOS)
You can swim through water.
You cover ground slowly.
You can hop short distances.


   Skills:
 * Level 13.8 Fighting
 * Level 13.1 Dodging
 - Level 1.7 Stealth
 + Level 6.3 Spellcasting
 + Level 5.0 Conjurations
 - Level 3.0 Summonings
 - Level 11.0 Ice Magic
 + Level 3.7 Evocations


You had 4 spell levels left.
You knew the following spells:

 Your Spells              Type           Power        Failure   Level  Hunger
a - Ozocubu's Armour      Chrm/Ice       ####....     3%          3    None
c - Sticky Flame          Conj/Fire      ###.....     11%         4    ###....
u - Hailstorm             Conj/Ice       #####...     1%          4    ###....
x - Summon Ice Beast      Ice/Summ       #####...     6%          4    ###....
y - Frozen Ramparts       Ice            ######       1%          3    None
z - Freeze                Ice            ####         1%          1    None

Your spell library contained the following spells:

 Spells                   Type           Power        Failure   Level  Hunger
 Fireball                 Conj/Fire      ###.......   26%         5    #####..
 Confusing Touch          Hex            #.......     32%         3    None
 Gell's Gravitas          Tloc           #.........   32%         3    None
 Cause Fear               Hex            #.........   71%         4    ###....
 Petrify                  Tmut/Erth      #.......     71%         4    ###....
 Metabolic Englaciation   Hex/Ice        ####......   30%         5    #####..
 Yara's Violent Unravell  Hex/Tmut       #.........   56%         5    #####..
 Silence                  Hex/Air        #.........   96%         5    #####..
 Deflect Missiles         Chrm/Air       #.........   100%        6    ######.
 Discord                  Hex            #.........   100%        8    #######

Inventory:

Hand Weapons
 a - the +12 spear of Sudden Death {vorpal, +Inv rN+ Str+4}

   It inflicts extra damage upon your enemies.
   It affects your strength (+4).
   It protects you from negative energy.
   It lets you turn invisible.
 b - the +9 flail of the Shrike (weapon) {drain, rC++ Stlth+} A truly terrible weapon, it drains the life of those it strikes. It greatly protects you from cold. It makes you more stealthy.
 k - a +0 vorpal spear
 y - a +2 whip of electrocution
 A - a +0 morningstar
 S - the +1 hand crossbow of sanka's Infinite Pain {speed, rPois MR+ Int+2} Attacks with this weapon are significantly faster. It affects your intelligence (+2). It protects you from poison. It affects your resistance to hostile enchantments.
Missiles
 I - 4 throwing nets {=f}
Armour
 m - a +0 cloak (worn)
 p - a +0 robe of resistance
 C - a +2 leather armour of cold resistance (worn)
 G - a +0 pair of boots (worn)
 K - a +2 helmet of intelligence (worn)
Magical Staves
 O - an uncursed staff of air
Jewellery
 i - a ring of see invisible (left hand)
 q - a +3 ring of protection (right hand)
 x - a +4 ring of strength
Wands
 v - a wand of random effects (21)
 E - a wand of digging (4)
 F - a wand of polymorph (12)
 U - a wand of enslavement (6)
 W - a wand of clouds (7)
 Y - a wand of flame (18)
 Z - a wand of paralysis (4)
Scrolls
 f - a scroll of amnesia
 g - 5 scrolls of remove curse
 j - 7 scrolls of teleportation {@r4}
 l - 3 scrolls of magic mapping
 n - a scroll of enchant weapon
 r - 3 scrolls of immolation {!r}
 s - a scroll of fear
 B - 2 scrolls of enchant armour
 D - 4 scrolls of blinking
 L - 3 scrolls of noise {!r}
 P - a scroll of identify {@r1}
 R - 2 scrolls of fog
 T - a scroll of random uselessness
Potions
 d - a potion of mutation {unknown}
 e - 3 potions of stabbing
 h - 12 potions of curing {@q1}
 o - 3 potions of lignification {!q}
 t - 3 potions of brilliance
 u - a potion of heal wounds {unknown}
 z - 4 potions of degeneration {!q}
 H - a potion of resistance {unknown}
 J - a potion of ambrosia
 M - 3 potions of haste {unknown}
 N - 3 potions of flight {unknown}
 Q - a potion of magic {unknown}
 X - a potion of cancellation {unknown}
Comestibles
 c - 24 rations

Dungeon Overview and Level Annotations

Branches:
Dungeon (12/15)            Temple (1/1) D:4            Lair (2/6) D:9
    Orc (0/2) D:9
  Swamp: Lair:2-4    Shoals: Lair:2-4     Snake: Lair:2-4    Spider: Lair:2-4

Altars:
Ashenzari
Cheibriados
Dithmenos
Elyvilon
Fedhas
Gozag
Hepliaklqana
Kikubaaqudgha
Makhleb
Nemelex Xobeh
Okawaru
Qazlal
Ru
Sif Muna
Trog
Uskayaw
Vehumet
Wu Jian
Xom
Yredelemnul
Zin
The Shining One

Shops:
D:4 *   D:7 :   D:10 %

Portals:
Trove: D:12 (give 12 potions of heal wounds)

▒▒ ▒▒ ▒.▒▒▒▒▒▒▒▒.▒▒.
▒▒▒F............
▒...D...........
▒...............
..▒▒....<.▒........
...................
[...(▒▒............
...(..▒▒...........
..................%.
♣...................


You could see a seven-headed hydra.


Message History

The seven-headed hydra bites you. The seven-headed hydra bites you!
Unknown command.
A film of ice covers your body!
The seven-headed hydra completely misses you.
The seven-headed hydra bites you!
* * * LOW HITPOINT WARNING * * *
The seven-headed hydra bites you but does no damage.
The seven-headed hydra bites you!
* * * LOW HITPOINT WARNING * * *
The seven-headed hydra barely misses you.
The seven-headed hydra bites you!
* * * LOW HITPOINT WARNING * * *
The seven-headed hydra bites you.
* * * LOW HITPOINT WARNING * * *
Your icy armour cracks and falls away as you move.
The seven-headed hydra bites you.
* * * LOW HITPOINT WARNING * * *
The seven-headed hydra bites you.
* * * LOW HITPOINT WARNING * * *
The seven-headed hydra bites you but does no damage.
The seven-headed hydra bites you but does no damage.
The seven-headed hydra closely misses you.
The seven-headed hydra bites you but does no damage.
The seven-headed hydra bites you.
* * * LOW HITPOINT WARNING * * *
The seven-headed hydra bites you.
* * * LOW HITPOINT WARNING * * *
The seven-headed hydra bites you!
You die...

Action                   |  1- 3 |  4- 6 |  7- 9 | 10-12 || total
-------------------------+-------+-------+-------+-------++-------
Melee: Hand axe          |    17 |       |       |       ||    17
       Spear             |     5 |    60 |       |   103 ||   168
       Morningstar       |       |       |    63 |       ||    63
       Whip              |       |       |    49 |       ||    49
       Flail             |       |       |       |    78 ||    78
 Cast: Freeze            |    19 |    66 |   115 |   262 ||   462
       Frozen Ramparts   |       |     5 |    18 |    48 ||    71
       Ozocubu's Armour  |       |     1 |    22 |    52 ||    75
       Summon Ice Beast  |       |       |     3 |    10 ||    13
       Sticky Flame      |       |       |       |     1 ||     1
 Abil: Hop               |       |       |       |     4 ||     4
Evoke: Wand              |       |     1 |     8 |     2 ||    11
  Use: Scroll            |       |     2 |     1 |    17 ||    20
       Potion            |       |       |       |     2 ||     2
 Stab: Sleeping          |       |     4 |       |     1 ||     5
       Paralysed         |       |       |     2 |       ||     2
  Eat: Chunk             |       |     6 |    11 |    26 ||    43
       Ration            |       |       |     1 |     2 ||     3
Armor: Robe              |     6 |    22 |       |     3 ||    31
       Leather armour    |       |       |    89 |   235 ||   324
Dodge: Dodged            |    26 |    56 |   166 |   626 ||   874

Levels and vault maps discovered:
D:1:      dpeg_arrival_water_temple_mockup, layout_rooms
D:2:      layout_rooms, uniq_jessica
D:3:      kennysheep_goblin_castle, layout_rooms, minmay_misc_feat_columns,
          mrwooster_statue_mirror
D:4:      layout_basic, minmay_temple_entry_statues_pillars, serial_shops,
          nicolae_shop_statue_plus, kennysheep_slug_shrine, uniq_grinder,
          uniq_menkaure, uniq_duvessa
D:5:      layout_rooms, lemuel_doored_altar,
          nicolae_ru_great_annihilating_truth, vehumet_statue, first_ration,
          sigmund_edmund_badplayer
D:6:      layout_gridville, tso_oasis_becter, evilmike_ruin_ashenzari,
          uniq_pikel
D:7:      layout_layer_cave, lemuel_crystal_altar, serial_shops, shop,
          uniq_maggie, uniq_prince_ribbit1
D:8:      layout_cave_pools, kennysheep_mini_moat, bloody_trog
D:9:      layout_long_grid, makhleb_grotto_becter,
          nicolae_overflow_hidden_temple, fedhas_altar_1,
          grunt_lair_entry_orc_guard_hut, orc_0_dummy, uniq_psyche
D:10:     layout_basic, serial_shops, shop, minmay_diamond_spiral
D:11:     layout_roguey, david_nohive_1, minmay_lizard_king
D:12:     layout_stronghold, enter_trove_3, chequers_serial_rivers_micro_a
Temple:   nicolae_temple_x_marks_the_god
Lair:1:   dragon1_lemuel, layout_hall_layers, columned_hall_lemuel,
          lemuel_altar_in_water2, lemuel_fruit_tree, uniq_harold
Lair:2:   minmay_lair_venomous_thicket, layout_cave_shapes,
          cheibrodos_lair_lostbears, serial_bayou_shore_a, uniq_nergalle

Notes
Turn   | Place    | Note
-------+----------+-------------------------------------------
     0 | D:1      | sanka the Barachi Ice Elementalist began the quest for the
                  | Orb.
     0 | D:1      | Reached XP level 1. HP: 13/13 MP: 3/3
   161 | D:1      | Reached XP level 2. HP: 5/19 MP: 3/5
   164 | D:1      | Reached skill level 3 in Spellcasting
   731 | D:2      | Upgraded the game from 0.25-a0-635-g0c6c292ef3 to
                  | 0.25-a0-647-gd602d06ee1
   744 | D:2      | Noticed Jessica
   755 | D:2      | Reached XP level 3. HP: 24/24 MP: 5/8
   775 | D:2      | Killed Jessica
   775 | D:2      | Reached skill level 4 in Spellcasting
   801 | D:2      | Learned a level 3 spell: Frozen Ramparts
   805 | D:2      | Learned a level 3 spell: Ozocubu's Armour
   846 | D:2      | Reached XP level 4. HP: 30/30 MP: 7/10
   855 | D:2      | Reached skill level 5 in Ice Magic
  1560 | D:3      | Reached XP level 5. HP: 35/35 MP: 11/11
  1863 | D:3      | Noticed Ijyb
  1872 | D:3      | Killed Ijyb
  1872 | D:3      | Reached skill level 6 in Ice Magic
  2154 | D:4      | Reached XP level 6. HP: 39/41 MP: 9/13
  2158 | D:4      | Found a snail-covered altar of Cheibriados.
  2248 | D:4      | Reached skill level 5 in Spellcasting
  2248 | D:4      | Reached skill level 7 in Ice Magic
  2508 | D:4      | Found a staircase to the Ecumenical Temple.
  2548 | D:4      | Noticed Menkaure
  2570 | Temple   | Entered the Ecumenical Temple
  2626 | Temple   | Learned a level 4 spell: Summon Ice Beast
  2818 | D:4      | Killed Menkaure
  2818 | D:4      | Reached skill level 8 in Ice Magic
  2818 | D:4      | Reached XP level 7. HP: 19/46 MP: 10/14
  2955 | D:4      | Identified a +0 robe of resistance
  2955 | D:4      | Noticed Dowan
  2980 | D:4      | Killed Dowan
  2983 | D:4      | Noticed Duvessa
  2993 | D:4      | HP: 1/46 [Duvessa/+0 rapier (8)]
  2994 | D:4      | Killed Duvessa
  2994 | D:4      | Reached skill level 9 in Ice Magic
  3353 | D:4      | Learned a level 4 spell: Hailstorm
  3472 | D:4      | Noticed Grinder
  3499 | D:4      | Killed Grinder
  3499 | D:4      | Reached skill level 1 in Fighting
  3499 | D:4      | Reached skill level 1 in Summonings
  3499 | D:4      | Reached XP level 8. HP: 43/54 MP: 0/15
  3612 | D:4      | Reached skill level 1 in Conjurations
  3624 | D:4      | Found Celiawk's General Store.
  3749 | D:4      | Bought a +1 helmet of intelligence for 198 gold pieces
  3782 | D:5      | Entered Level 5 of the Dungeon
  3824 | D:5      | Reached skill level 3 in Dodging
  3884 | D:5      | Reached skill level 2 in Fighting
  4066 | D:5      | Reached skill level 3 in Fighting
  4066 | D:5      | Reached skill level 2 in Summonings
  4107 | D:5      | Noticed Sigmund
  4113 | D:5      | Killed Sigmund
  4113 | D:5      | Reached skill level 4 in Dodging
  4113 | D:5      | Reached skill level 2 in Conjurations
  4125 | D:5      | Got a shadowed robe
  4136 | D:5      | Identified the cursed +0 robe of Starshine {rPois rC+ Str-5
                  | Dex+4} (You found it on level 5 of the Dungeon)
  4167 | D:5      | Noticed Edmund
  4173 | D:5      | Killed Edmund
  4199 | D:5      | Found a radiant altar of Vehumet.
  4207 | D:5      | Reached skill level 4 in Fighting
  4305 | D:5      | Became a worshipper of Vehumet
  4318 | D:5      | Found an ancient bone altar of Kikubaaqudgha.
  4411 | D:5      | Reached skill level 3 in Summonings
  4413 | D:5      | Found a sacrificial altar of Ru.
  4594 | D:6      | Reached XP level 9. HP: 59/66 MP: 10/16
  4611 | D:6      | Found a shattered altar of Ashenzari.
  4618 | D:6      | Reached skill level 5 in Dodging
  4618 | D:6      | Reached skill level 10 in Ice Magic
  4680 | D:6      | Reached skill level 3 in Conjurations
  4754 | D:6      | Reached skill level 5 in Fighting
  4813 | D:6      | Found a glowing golden altar of the Shining One.
  4952 | D:6      | Noticed Pikel
  4963 | D:6      | Killed Pikel
  4963 | D:6      | Reached skill level 6 in Fighting
  4963 | D:6      | Reached skill level 6 in Dodging
  5368 | D:7      | Found a stormy altar of Qazlal.
  5372 | D:7      | Found Focsen's Book Boutique.
  5395 | D:7      | Reached * piety under Vehumet
  5395 | D:7      | Offered knowledge of Sandblast by Vehumet.
  5564 | D:7      | Reached skill level 7 in Fighting
  5564 | D:7      | Reached skill level 7 in Dodging
  5632 | D:7      | Noticed Prince Ribbit
  5642 | D:7      | Killed Prince Ribbit
  6023 | D:7      | Identified +1 acid dragon scales
  6023 | D:7      | Noticed Maggie
  6035 | D:7      | Killed Maggie
  6035 | D:7      | Reached XP level 10. HP: 67/80 MP: 8/17
  6353 | D:8      | Reached skill level 8 in Fighting
  6356 | D:8      | Reached skill level 8 in Dodging
  6362 | D:8      | Got a bloodstained flail
  6363 | D:8      | Identified the +9 flail of the Shrike {drain, rC++ Stlth+}
                  | (You found it on level 8 of the Dungeon)
  6425 | D:8      | Reached skill level 11 in Ice Magic
  6492 | D:8      | Found an iron altar of Okawaru.
  6535 | D:8      | Found a bloodstained altar of Trog.
  6842 | D:8      | Noticed a two-headed ogre
  6852 | D:8      | Killed a two-headed ogre
  6852 | D:8      | Reached skill level 9 in Fighting
  7052 | D:9      | Reached skill level 9 in Dodging
  7243 | D:9      | Noticed Psyche
  7257 | D:9      | Killed Psyche
  7257 | D:9      | Reached skill level 10 in Fighting
  7281 | D:9      | Offered knowledge of Shock by Vehumet.
  7288 | D:9      | Reached ** piety under Vehumet
  7468 | D:9      | Found a staircase to the Orcish Mines.
  7507 | D:9      | Reached skill level 10 in Dodging
  7553 | D:9      | Found a blossoming altar of Fedhas.
  7568 | D:9      | Found a shattered altar of Ashenzari.
  7589 | D:9      | Reached XP level 11. HP: 92/92 MP: 10/18
  7745 | D:9      | Found a burning altar of Makhleb.
  7816 | D:9      | Found a staircase to the Lair.
  7914 | D:10     | Entered Level 10 of the Dungeon
  7914 | D:10     | Found Angiet's Food Shop.
  7933 | D:10     | Noticed a two-headed ogre
  7945 | D:10     | Killed a two-headed ogre
  7945 | D:10     | Reached skill level 11 in Fighting
  8339 | D:10     | Got a dazzling spear
  8340 | D:10     | Identified the +12 spear of Sudden Death {vorpal, +Inv rN+
                  | Str+4} (You found it on level 10 of the Dungeon)
  8344 | D:10     | Noticed a purple ugly thing
  8356 | D:10     | Killed a purple ugly thing
  8358 | D:10     | Got a crude hand crossbow
  8359 | D:10     | Identified the cursed +1 hand crossbow of sanka's Infinite
                  | Pain {speed, rPois MR+ Int+2} (You found it on level 10 of
                  | the Dungeon)
  8505 | D:10     | Noticed a skeletal warrior
  8524 | D:10     | Killed a skeletal warrior
  8524 | D:10     | Reached skill level 11 in Dodging
  8693 | D:10     | Offered knowledge of Ignite Poison by Vehumet.
  9079 | D:10     | Paralysed by a hornet for 3 turns
  9553 | D:11     | Noticed a manticore
  9559 | D:11     | Reached *** piety under Vehumet
  9564 | D:11     | Reached skill level 12 in Fighting
  9568 | D:11     | Killed a manticore
  9901 | D:11     | Noticed a white ugly thing
  9911 | D:11     | Killed a white ugly thing
 10029 | D:11     | Offered knowledge of Sticky Flame by Vehumet.
 10032 | D:11     | Reached skill level 12 in Dodging
 10057 | D:11     | Learned a level 4 spell: Sticky Flame
 10316 | D:11     | Upgraded the game from 0.25-a0-647-gd602d06ee1 to
                  | 0.25-a0-657-ge95d391c20
 10376 | D:11     | Got a slimy robe
 10387 | D:11     | Identified the +0 robe of Ducices {*Slow rF+ rCorr Dex+4}
                  | (You found it on level 11 of the Dungeon)
 10579 | D:12     | Reached XP level 12. HP: 103/103 MP: 10/19
 10649 | D:12     | Found a portal to a secret trove of treasure.
 10806 | D:12     | Noticed a five-headed hydra
 10815 | D:12     | Killed a five-headed hydra
 10815 | D:12     | Reached skill level 1 in Evocations
 10954 | D:12     | Noticed a two-headed ogre
 10963 | D:12     | Killed a two-headed ogre
 10963 | D:12     | Reached skill level 13 in Fighting
 11357 | D:12     | Reached **** piety under Vehumet
 11714 | Lair:1   | Entered Level 1 of the Lair of Beasts
 11773 | Lair:1   | Offered knowledge of Fireball by Vehumet.
 11773 | Lair:1   | Reached skill level 2 in Evocations
 11917 | Lair:1   | Found a burning altar of Makhleb.
 11952 | Lair:1   | Noticed Harold
 11961 | Lair:1   | Reached skill level 4 in Conjurations
 11976 | Lair:1   | Killed Harold
 12457 | Lair:1   | Noticed a fire dragon
 12516 | Lair:1   | Killed a fire dragon
 12516 | Lair:1   | Reached skill level 6 in Spellcasting
 12516 | Lair:1   | Reached skill level 3 in Evocations
 12783 | Lair:1   | Noticed an eight-headed hydra
 12808 | Lair:1   | Killed an eight-headed hydra
 13180 | Lair:2   | Noticed a seven-headed hydra
 13189 | Lair:2   | HP: 7/106 [polar bear (8)]
 13190 | Lair:2   | Killed a seven-headed hydra
 13190 | Lair:2   | Reached skill level 13 in Dodging
 13632 | Lair:2   | Reached skill level 5 in Conjurations
 13645 | Lair:2   | Noticed a seven-headed hydra
 13919 | Lair:2   | HP: 7/106 [seven-headed hydra (4)]
 13919 | Lair:2   | HP: 3/106 [seven-headed hydra (4)]
 13919 | Lair:2   | Slain by a seven-headed hydra

Vanquished Creatures
  A fire dragon (Lair:1)
  3 hydras
  Harold (Lair:1)
  A two-headed ogre (D:12)
  A skeletal warrior (D:10)
  Pikel (D:6)
  2 ugly things
  A manticore (D:11)
  Psyche (D:9)
  A black mamba (Lair:1)
  A spiny frog (Lair:2)
  3 centaur skeletons
  Maggie (D:7)
  A komodo dragon (D:12)
  2 trolls
  A queen bee (D:11)
  A hornet (D:10)
  A slime creature (D:10)
  Grinder (D:4)
  3 polar bears (Lair:2)
  Prince Ribbit (D:7)
  4 hippogriffs
  Sigmund (D:5)
  2 wyverns (D:11)
  2 fire bats (Lair:1)
  A yak (D:9)
  A steam dragon (D:10)
  3 basilisks
  Menkaure (D:4)
  Edmund (D:5)
  Duvessa (D:4)
  3 water moccasins
  An acid dragon (D:12)
  3 porcupines
  3 ice beasts
  5 orc warriors
  A sky beast (D:7)
  2 slaves (D:6)
  A black bear (D:6)
  3 ogres
  4 wolves (Lair:1)
  3 centaurs
  2 phantoms
  A necrophage (D:9)
  6 crocodiles
  A big kobold (D:10)
  8 bullfrogs
  A wyvern zombie (D:8)
  3 wyvern skeletons
  Dowan (D:4)
  2 scorpions
  A water moccasin skeleton (D:6)
  17 killer bees
  5 howler monkeys
  2 bullfrog zombies
  5 crimson imps
  5 orc priests
  A centaur zombie (D:9)
  A quasit (D:10)
  2 bullfrog skeletons
  4 hounds
  A jelly (D:10)
  11 orc wizards
  Jessica (D:2)
  Ijyb (D:3)
  9 iguanas
  8 worker ants
  A statue (D:5)
  3 hound zombies
  A hound skeleton (D:6)
  2 worker ant zombies (D:8)
  A howler monkey skeleton (D:11)
  11 adders
  7 gnolls
  2 shadow imps
  An ooze (D:5)
  An adder zombie (D:5)
  2 adder skeletons
  3 dart slugs
  3 worms
  6 leopard geckos
  31 orcs
  6 bats
  5 giant cockroaches
  13 goblins
  6 hobgoblins
  18 jackals
  8 quokkas
  6 frilled lizards
  11 kobolds
  7 rats
329 creatures vanquished.

Vanquished Creatures (collateral kills)
  2 two-headed ogres
  2 killer bees (D:11)
4 creatures vanquished.

Vanquished Creatures (others)
  A fungus (D:9)
  8 plants
9 creatures vanquished.

Grand Total: 342 creatures vanquished
